Atomiques vs Punishers
Created - 12 janvier 2016 at 18:59
Goals
|
| Atomiques |
2 |
1 |
1 |
1 |
5 |
| Punishers |
0 |
2 |
2 |
0 |
4 |
|
Shots
|
| Atomiques |
11 |
5 |
14 |
1 |
31 |
| Punishers |
13 |
14 |
11 |
0 |
38 |
|
1st period
1. Atomiques , Brad Winchester 17 (Tyler Brenner) at 7:21 (PP)
2. Atomiques , Tyler Brenner 9 (Tyler Kennedy, Brad Winchester) at 8:02
Penalties :
Keaton Ellerby (Pro) for Slashing (Minor) at 7:19
2nd period
3. Punishers , Adam Pineault 23 (Adam McQuaid) at 5:14
4. Punishers , Kris Chucko 16 (Erik Condra) at 11:31
5. Atomiques , Tyler Kennedy 24 (Brad Winchester, Tyler Brenner) at 18:20
Penalties :
Keaton Ellerby (Pro) for Hooking (Minor) at 2:42, Kenndal McArdle (STB) for Hooking (Minor) at 6:00, Frazer Mclaren (Pro) for Holding (Minor) at 8:52, Éric Perrin (Pro) for Roughing (Minor) at 11:53, Brad Winchester (STB) for Hooking (Minor) at 18:37
3rd period
6. Punishers , Tim Jackman 25 (Éric Perrin, Keaton Ellerby) at 6:57
7. Atomiques , Shawn Belle 3 (Tyler Kennedy) at 13:55
8. Punishers , Tanner Glass 23 (Éric Perrin, Adam McQuaid) at 18:44 (PP)
Penalties :
John McCarthy (STB) for Tripping (Minor) at 17:15, Luke Adam (Pro) for Hooking (Minor) at 19:10
Overtime #1
9. Atomiques , Tyler Brenner 10 (Kenndal McArdle) at 1:16
Penalties :
No Penalty
Goalie Stats
Sergei Bobrovsky (STB), 34 saves from 38 shots - (0,895), W, 8-9-1, 61:16 minutes
Anton Khudobin (Pro), 26 saves from 31 shots - (0,839), OTL, 0-2-1, 61:16 minutes
Players Stats for Atomiques
Player Name G A P +/- PIM S H SB GA TA FO MP PP MP PK MP
------------------------------------------------------------------------------------
Alex Berry 0 0 0 0 0 0 2 1 0 1 1/1 12:13 0:00 0:00
Alexander Sulzer 0 0 0 0 0 0 3 5 0 0 0/0 27:43 4:10 2:49
Andrew Kozek 0 0 0 0 0 1 0 3 0 1 0/0 13:33 0:00 1:14
Anthony Nigro 0 0 0 -2 0 1 0 0 0 0 2/3 6:53 0:00 0:00
Brad Winchester 1 2 3 3 2 4 3 0 0 1 2/4 21:48 4:03 1:40
Brett Connolly 0 0 0 -2 0 1 0 0 0 0 0/0 6:53 0:00 0:00
Brett Sutter 0 0 0 0 0 0 1 0 0 0 1/5 14:07 0:00 1:48
Clayton Stoner 0 0 0 1 0 0 1 2 0 0 0/0 22:30 2:38 2:38
Davis Drewiske 0 0 0 1 0 1 1 1 1 4 0/0 22:30 2:38 2:38
John McCarthy 0 0 0 -2 2 0 0 2 2 0 1/3 8:56 0:00 1:34
Kenndal McArdle 0 1 1 0 2 5 1 0 0 1 2/2 16:58 2:45 0:25
Kyle Wharton 0 0 0 0 0 1 0 2 0 1 0/0 11:03 0:00 0:00
Marc-André Cliche 0 0 0 -1 0 4 2 0 0 0 3/7 15:28 2:45 0:00
Nick Johnson 0 0 0 -1 0 0 1 0 1 0 1/3 15:28 2:45 0:00
Scott Jackson 0 0 0 0 0 0 2 1 0 0 0/0 11:03 0:00 0:00
Shawn Belle 1 0 1 0 0 5 4 0 0 2 0/0 27:43 4:10 2:49
Tyler Brenner 2 2 4 4 0 4 3 0 0 0 10/34 21:22 4:03 0:53
Tyler Kennedy 1 2 3 3 0 4 2 1 1 0 1/2 23:23 4:03 3:20
Players Stats for Punishers
Player Name G A P +/- PIM S H SB GA TA FO MP PP MP PK MP
------------------------------------------------------------------------------------
Adam McQuaid 0 2 2 1 0 1 1 2 0 1 0/0 20:08 1:57 3:12
Adam Pineault 1 0 1 -1 0 4 4 0 0 0 1/1 10:52 0:00 0:00
Alex Petrovic 0 0 0 0 0 0 2 0 0 0 0/0 12:49 0:00 1:09
Brandon McMillan 0 0 0 0 0 0 1 2 1 0 0/2 7:29 0:00 0:19
Éric Perrin 0 2 2 0 2 7 0 0 0 1 23/33 22:30 2:33 3:17
Erik Condra 0 1 1 1 0 2 2 0 2 0 0/0 15:36 2:54 0:00
Frazer Mclaren 0 0 0 -1 2 1 2 0 0 0 0/0 11:04 0:00 0:00
Justin Falk 0 0 0 -2 0 3 1 1 0 0 0/0 29:47 3:30 4:46
Keaton Ellerby 0 1 1 -2 4 2 1 1 3 1 0/0 28:24 3:30 3:37
Kris Chucko 1 0 1 1 0 7 1 0 0 0 0/0 17:19 2:54 1:43
Luke Adam 0 0 0 -2 2 2 1 0 1 0 3/7 10:57 0:00 0:00
Michael Ferland 0 0 0 0 0 0 0 0 0 0 0/0 1:45 0:00 1:25
Mike Blunden 0 0 0 -1 0 2 0 0 1 0 1/1 9:03 0:00 1:15
Mike Weber 0 0 0 1 0 2 3 3 0 1 0/0 20:08 1:57 3:12
Petteri Nokelainen 0 0 0 1 0 0 0 0 0 0 6/9 16:35 2:54 0:46
Radek Smolenak 0 0 0 0 0 0 1 1 1 0 0/0 7:10 0:00 0:00
Simon Despres 0 0 0 0 0 0 1 0 0 1 0/0 11:21 0:00 0:00
Tanner Glass 1 0 1 0 0 3 2 0 2 0 4/8 23:51 2:33 4:37
Tim Jackman 1 0 1 0 0 2 1 1 0 0 2/3 20:13 2:33 1:24
3 Stars
1 - Tyler Brenner (STB)
2 - Tyler Kennedy (STB)
3 - Brad Winchester (STB)
Power Play
Atomiques - 1 on 5 Attempt(s) - 20,00%
Punishers - 1 on 3 Attempt(s) - 33,33%
Penalty Kill
Atomiques - 2 on 3 Attempt(s) - 66,67%
- Score 0 goal in Penalty Kill
Punishers - 4 on 5 Attempt(s) - 80,00%
- Score 0 goal in Penalty Kill
Team Stat
Atomiques - Hits : 26 - Faceoff Wins : 24 - Blocked Shots : 18 - Penalty Minutes : 6
Punishers - Hits : 24 - Faceoff Wins : 40 - Blocked Shots : 11 - Penalty Minutes : 10
Official
Referees : Lee Chris and Walkom Stephen
Linesman : Don Henderson and Darren Gibbs
Game Notes
No Game Note
Finance
Level 1 -- Attendance: 1397 (69,85%) -- Ticket Income 48 895 $
Level 2 -- Attendance: 783 (78,30%) -- Ticket Income 11 745 $
Total Attendance: 2180 (72,67%)
Total Ticket Income: 60 640 $
Other Income: 3 032 $
Total Income: 63 672 $
Atomiques
5 vs 5 Forward
Center Left Wing Right Wing Time % Phy DF OF
1 Tyler Brenner Brad Winchester Tyler Kennedy 40 1 2 2
2 Marc-André Cliche Kenndal McArdle Nick Johnson 30 1 2 2
3 Brett Sutter Andrew Kozek Alex Berry 20 1 2 2
4 Anthony Nigro John McCarthy Brett Connolly 10 1 2 2
5 vs 5 Defense
Defense Defense Time % Phy DF OF
1 Alexander Sulzer Shawn Belle 40 1 2 2
2 Davis Drewiske Clayton Stoner 30 1 2 2
3 Kyle Wharton Scott Jackson 20 1 2 2
4 Alexander Sulzer Shawn Belle 10 1 2 2
PowerPlay Forward
Center Left Wing Right Wing Time % Phy DF OF
1 Tyler Brenner Brad Winchester Tyler Kennedy 60 1 2 2
2 Marc-André Cliche Kenndal McArdle Nick Johnson 40 1 2 2
PowerPlay Defense
Defense Defense Time % Phy DF OF
1 Alexander Sulzer Shawn Belle 60 1 2 2
2 Davis Drewiske Clayton Stoner 40 1 2 2
Penalty Kill 4 Players Forward
Center Wing Time % Phy DF OF
1 Brad Winchester Tyler Kennedy 60 1 2 2
2 Tyler Brenner Kenndal McArdle 40 1 2 2
Penalty Kill 4 Players Defense
Defense Defense Time % Phy DF OF
1 Alexander Sulzer Shawn Belle 60 1 2 2
2 Davis Drewiske Clayton Stoner 40 1 2 2
Penalty Kill - 3 Players Forward
Forward Time % Phy DF OF
1 Brad Winchester 60 1 2 2
2 Tyler Kennedy 40 1 2 2
Penalty Kill - 3 Players Defense
Defense Defense Time % Phy DF OF
1 Alexander Sulzer Shawn Belle 60 1 2 2
2 Davis Drewiske Clayton Stoner 40 1 2 2
4 vs 4 Forward
Center Wing Time % Phy DF OF
1 Brad Winchester Tyler Kennedy 60 1 2 2
2 Tyler Brenner Kenndal McArdle 40 1 2 2
4 vs 4 Defense
Defense Defense Time % Phy DF OF
1 Alexander Sulzer Shawn Belle 60 1 2 2
2 Davis Drewiske Clayton Stoner 40 1 2 2
Last Minutes Offensive
Center Left Wing Right Wing Defense Defense
Tyler Brenner Brad Winchester Tyler Kennedy Alexander Sulzer Shawn Belle
Last Minutes Defensive
Center Left Wing Right Wing Defense Defense
Tyler Brenner Brad Winchester Tyler Kennedy Alexander Sulzer Shawn Belle
Goaltenders
Starting : Sergei Bobrovsky
Backup : Alex Auld
Extra Forwards
Normal : Andrew Kozek, Brett Sutter, John McCarthy - PP : Andrew Kozek, Brett Sutter - PK : John McCarthy
Extra Defensemen
Normal : Kyle Wharton, Scott Jackson, Davis Drewiske - PP : Kyle Wharton - PK : Scott Jackson, Davis Drewiske
Penalty Shots
Brad Winchester, Tyler Kennedy, Tyler Brenner, Kenndal McArdle, Nick Johnson
Punishers
5 vs 5 Forward
Center Left Wing Right Wing Time % Phy DF OF
1 Éric Perrin Tanner Glass Tim Jackman 40 1 2 2
2 Petteri Nokelainen Kris Chucko Erik Condra 30 1 2 2
3 Luke Adam Frazer Mclaren Adam Pineault 20 1 2 2
4 Brandon McMillan Radek Smolenak Mike Blunden 10 1 2 2
5 vs 5 Defense
Defense Defense Time % Phy DF OF
1 Keaton Ellerby Justin Falk 40 1 2 2
2 Mike Weber Adam McQuaid 30 1 2 2
3 Simon Despres Alex Petrovic 20 1 2 2
4 Keaton Ellerby Justin Falk 10 1 2 2
PowerPlay Forward
Center Left Wing Right Wing Time % Phy DF OF
1 Éric Perrin Tanner Glass Tim Jackman 60 1 2 2
2 Petteri Nokelainen Kris Chucko Erik Condra 40 1 2 2
PowerPlay Defense
Defense Defense Time % Phy DF OF
1 Keaton Ellerby Justin Falk 60 1 2 2
2 Mike Weber Adam McQuaid 40 1 2 2
Penalty Kill 4 Players Forward
Center Wing Time % Phy DF OF
1 Tanner Glass Éric Perrin 60 1 2 2
2 Tim Jackman Kris Chucko 40 1 2 2
Penalty Kill 4 Players Defense
Defense Defense Time % Phy DF OF
1 Keaton Ellerby Justin Falk 60 1 2 2
2 Mike Weber Adam McQuaid 40 1 2 2
Penalty Kill - 3 Players Forward
Forward Time % Phy DF OF
1 Tanner Glass 60 1 2 2
2 Éric Perrin 40 1 2 2
Penalty Kill - 3 Players Defense
Defense Defense Time % Phy DF OF
1 Keaton Ellerby Justin Falk 60 1 2 2
2 Mike Weber Adam McQuaid 40 1 2 2
4 vs 4 Forward
Center Wing Time % Phy DF OF
1 Tanner Glass Éric Perrin 60 1 2 2
2 Tim Jackman Kris Chucko 40 1 2 2
4 vs 4 Defense
Defense Defense Time % Phy DF OF
1 Keaton Ellerby Justin Falk 60 1 2 2
2 Mike Weber Adam McQuaid 40 1 2 2
Last Minutes Offensive
Center Left Wing Right Wing Defense Defense
Éric Perrin Tanner Glass Tim Jackman Keaton Ellerby Justin Falk
Last Minutes Defensive
Center Left Wing Right Wing Defense Defense
Éric Perrin Tanner Glass Tim Jackman Keaton Ellerby Justin Falk
Goaltenders
Starting : Anton Khudobin
Backup : Kevin Poulin
Extra Forwards
Normal : Michael Ferland, Adam Pineault, Mike Blunden - PP : Michael Ferland, Adam Pineault - PK : Mike Blunden
Extra Defensemen
Normal : Simon Despres, Alex Petrovic, Mike Weber - PP : Simon Despres - PK : Alex Petrovic, Mike Weber
Penalty Shots
Tanner Glass, Éric Perrin, Tim Jackman, Kris Chucko, Erik Condra
% Time on Ice - Atomiques
Lines # - Real PCT - Wanted PCT - Time Play
Normal Forward
1 - 32% - 40% - 15:26
2 - 28% - 30% - 13:13
3 - 26% - 20% - 12:13
4 - 14% - 10% - 6:53
Normal Defense
1 - 39% - 40% - 18:26
2 - 35% - 30% - 16:38
3 - 23% - 20% - 11:03
4 - 3% - 10% - 1:38
PP Forward
1 - 60% - 60% - 4:03
2 - 40% - 40% - 2:45
PP Defense
1 - 61% - 60% - 4:10
2 - 39% - 40% - 2:38
PK Forward
1 - 84% - 60% - 4:34
2 - 16% - 40% - 0:53
PK Defense
1 - 52% - 60% - 2:49
2 - 48% - 40% - 2:38
PK3 Forward
1 - 0% - 60%
2 - 0% - 40%
PK3 Defense
1 - 0% - 60%
2 - 0% - 40%
44 Forward
1 - 53% - 60% - 0:40
2 - 47% - 40% - 0:36
44 Defense
1 - 53% - 60% - 0:40
2 - 47% - 40% - 0:36
Last Minute Offensive - 0:00
Last Minute Defensive - 0:00
Total
Forward - 61:16
Defense - 61:16
|
% Time on Ice - Punishers
Lines # - Real PCT - Wanted PCT - Time Play
Normal Forward
1 - 36% - 40% - 17:01
2 - 27% - 30% - 12:42
3 - 23% - 20% - 10:52
4 - 15% - 10% - 7:10
Normal Defense
1 - 40% - 40% - 19:00
2 - 31% - 30% - 14:59
3 - 24% - 20% - 11:21
4 - 5% - 10% - 2:25
PP Forward
1 - 47% - 60% - 2:33
2 - 53% - 40% - 2:54
PP Defense
1 - 64% - 60% - 3:30
2 - 36% - 40% - 1:57
PK Forward
1 - 79% - 60% - 5:24
2 - 21% - 40% - 1:24
PK Defense
1 - 59% - 60% - 4:02
2 - 41% - 40% - 2:46
PK3 Forward
1 - 73% - 60% - 0:51
2 - 27% - 40% - 0:19
PK3 Defense
1 - 63% - 60% - 0:44
2 - 37% - 40% - 0:26
44 Forward
1 - 100% - 60% - 0:06
2 - 0% - 40% - 0:00
44 Defense
1 - 100% - 60% - 0:06
2 - 0% - 40% - 0:00
Last Minute Offensive - 0:00
Last Minute Defensive - 0:00
Total
Forward - 61:16
Defense - 61:16
|
Play by Play
1st period
0:01 of 1st period - Tyler Brenner wins face-off versus Éric Perrin in neutral zone.
0:50 of 1st period - Wrist shot by Luke Adam.
0:50 of 1st period - Shot Misses the Net.
0:52 of 1st period - Slapshot by Frazer Mclaren.
0:52 of 1st period - Shot Blocked by Clayton Stoner.
0:54 of 1st period - Snap shot by Keaton Ellerby.
0:54 of 1st period - Shot Blocked by Andrew Kozek.
2:08 of 1st period - Shawn Belle is hit by Mike Weber.
2:30 of 1st period - Snap shot by Luke Adam.
2:30 of 1st period - Stopped by Sergei Bobrovsky with a rebound.
2:44 of 1st period - Wrist shot by Tyler Kennedy.
2:44 of 1st period - Shot Misses the Net.
3:13 of 1st period - Wrist shot by Éric Perrin.
3:13 of 1st period - Stopped by Sergei Bobrovsky with a rebound.
3:27 of 1st period - Nick Johnson is hit by Alex Petrovic and loses puck.
3:32 of 1st period - Snap shot by Kris Chucko.
3:32 of 1st period - Shot Misses the Net.
3:50 of 1st period - Kenndal McArdle is hit by Radek Smolenak and loses puck.
4:16 of 1st period - Snap shot by Adam Pineault.
4:16 of 1st period - Stopped by Sergei Bobrovsky with a rebound.
4:18 of 1st period - Slapshot by Mike Weber.
4:18 of 1st period - Shot Misses the Net.
4:28 of 1st period - Snap shot by Kenndal McArdle.
4:28 of 1st period - Shot Misses the Net.
4:40 of 1st period - Slapshot by Kenndal McArdle.
4:40 of 1st period - Stopped by Anton Khudobin without a rebound.
4:41 of 1st period - Petteri Nokelainen wins face-off versus Tyler Kennedy in Punishers zone.
4:41 of 1st period - Petteri Nokelainen is hit by Tyler Brenner.
4:53 of 1st period - Snap shot by Erik Condra.
4:53 of 1st period - Stopped by Sergei Bobrovsky with a rebound.
4:55 of 1st period - Wrist shot by Mike Weber.
4:55 of 1st period - Shot Misses the Net.
4:57 of 1st period - Snap shot by Erik Condra.
4:57 of 1st period - Shot Misses the Net.
5:29 of 1st period - Davis Drewiske is hit by Tanner Glass and loses puck.
5:48 of 1st period - Wrist shot by Tanner Glass.
5:48 of 1st period - Deflect By Brett Sutter.
5:48 of 1st period - Shot Misses the Net.
5:48 of 1st period - Puck is out of play.
5:49 of 1st period - Tyler Brenner wins face-off versus Petteri Nokelainen in Atomiques zone.
6:25 of 1st period - Wrist shot by Frazer Mclaren.
6:25 of 1st period - Shot Misses the Net.
6:40 of 1st period - Off-side.
6:41 of 1st period - Mike Blunden wins face-off versus Marc-André Cliche in neutral zone.
6:56 of 1st period - Wrist shot by Marc-André Cliche.
6:56 of 1st period - Deflect By Kenndal McArdle.
6:56 of 1st period - Shot Misses the Net.
6:56 of 1st period - Puck is out of play.
6:57 of 1st period - Tim Jackman wins face-off versus Tyler Brenner in Punishers zone.
7:02 of 1st period - Snap shot by Brad Winchester.
7:02 of 1st period - Shot Misses the Net.
7:19 of 1st period - Minor Penalty to Keaton Ellerby for Slashing.
7:20 of 1st period - Tyler Brenner wins face-off versus Tanner Glass in Punishers zone.
7:21 of 1st period - Snap shot by Brad Winchester.
7:21 of 1st period - Goal by Brad Winchester - Atomiques : 1 - Punishers : 0.
7:22 of 1st period - Petteri Nokelainen wins face-off versus Tyler Brenner in neutral zone.
7:35 of 1st period - Wrist shot by Erik Condra.
7:35 of 1st period - Shot Misses the Net.
7:53 of 1st period - Brad Winchester is hit by Justin Falk and loses puck.
8:02 of 1st period - Slapshot by Tyler Brenner.
8:02 of 1st period - Goal by Tyler Brenner - Atomiques : 2 - Punishers : 0.
8:03 of 1st period - Éric Perrin wins face-off versus Brett Sutter in neutral zone.
8:09 of 1st period - Slapshot by Éric Perrin.
8:09 of 1st period - Stopped by Sergei Bobrovsky with a rebound.
8:37 of 1st period - Wrist shot by Erik Condra.
8:37 of 1st period - Stopped by Sergei Bobrovsky with a rebound.
8:39 of 1st period - Snap shot by Mike Weber.
8:39 of 1st period - Deflect By Alexander Sulzer.
8:39 of 1st period - Stopped by Sergei Bobrovsky with a rebound.
8:49 of 1st period - Snap shot by Brad Winchester.
8:49 of 1st period - Shot Misses the Net.
8:51 of 1st period - Wrist shot by Tyler Kennedy.
8:51 of 1st period - Stopped by Anton Khudobin with a rebound.
8:53 of 1st period - Slapshot by Shawn Belle.
8:53 of 1st period - Stopped by Anton Khudobin with a rebound.
8:55 of 1st period - Snap shot by Tyler Brenner.
8:55 of 1st period - Deflect By Brad Winchester.
8:55 of 1st period - Shot Misses the Net.
8:55 of 1st period - Puck is out of play.
8:56 of 1st period - Tyler Brenner wins face-off versus Éric Perrin in Punishers zone.
9:21 of 1st period - Keaton Ellerby is hit by Clayton Stoner and loses puck.
9:26 of 1st period - Slapshot by Marc-André Cliche.
9:26 of 1st period - Stopped by Anton Khudobin without a rebound.
9:27 of 1st period - Nick Johnson wins face-off versus Tanner Glass in Punishers zone.
9:30 of 1st period - Slapshot by Marc-André Cliche.
9:30 of 1st period - Deflect By Nick Johnson.
9:30 of 1st period - Shot Misses the Net.
9:30 of 1st period - Puck is out of play.
9:31 of 1st period - Éric Perrin wins face-off versus Tyler Brenner in Punishers zone.
9:38 of 1st period - Snap shot by Tim Jackman.
9:38 of 1st period - Shot Misses the Net.
9:40 of 1st period - Slapshot by Adam McQuaid.
9:40 of 1st period - Stopped by Sergei Bobrovsky without a rebound.
9:41 of 1st period - Éric Perrin wins face-off versus Tyler Brenner in Atomiques zone.
9:44 of 1st period - Slapshot by Tanner Glass.
9:44 of 1st period - Shot Blocked by Tyler Kennedy.
9:56 of 1st period - Snap shot by Brad Winchester.
9:56 of 1st period - Stopped by Anton Khudobin without a rebound.
9:57 of 1st period - Petteri Nokelainen wins face-off versus Brett Sutter in Punishers zone.
10:54 of 1st period - Snap shot by Éric Perrin.
10:54 of 1st period - Stopped by Sergei Bobrovsky with a rebound.
11:03 of 1st period - Off-side.
11:04 of 1st period - Marc-André Cliche wins face-off versus Brandon McMillan in neutral zone.
11:17 of 1st period - Davis Drewiske is hit by Simon Despres and loses puck.
11:55 of 1st period - Wrist shot by Kris Chucko.
11:55 of 1st period - Shot Blocked by Alexander Sulzer.
12:15 of 1st period - Shawn Belle is hit by Adam Pineault and loses puck.
12:24 of 1st period - Snap shot by Adam Pineault.
12:24 of 1st period - Stopped by Sergei Bobrovsky with a rebound.
12:44 of 1st period - Wrist shot by Mike Blunden.
12:44 of 1st period - Shot Misses the Net.
13:00 of 1st period - Wrist shot by Nick Johnson.
13:00 of 1st period - Shot Blocked by Justin Falk.
13:02 of 1st period - Snap shot by Tyler Brenner.
13:02 of 1st period - Stopped by Anton Khudobin without a rebound.
13:03 of 1st period - Éric Perrin wins face-off versus Tyler Brenner in Punishers zone.
14:01 of 1st period - Snap shot by Davis Drewiske.
14:01 of 1st period - Stopped by Anton Khudobin without a rebound.
14:02 of 1st period - Éric Perrin wins face-off versus Brett Sutter in Punishers zone.
14:07 of 1st period - Slapshot by Shawn Belle.
14:07 of 1st period - Stopped by Anton Khudobin without a rebound.
14:08 of 1st period - Tyler Brenner wins face-off versus Tim Jackman in Punishers zone.
14:23 of 1st period - Adam McQuaid is hit by Brad Winchester and loses puck.
14:58 of 1st period - Wrist shot by Adam Pineault.
14:58 of 1st period - Stopped by Sergei Bobrovsky with a rebound.
15:00 of 1st period - Slapshot by Adam McQuaid.
15:00 of 1st period - Shot Blocked by Kyle Wharton.
15:02 of 1st period - Slapshot by Adam McQuaid.
15:02 of 1st period - Shot Hit the Post.
15:04 of 1st period - Slapshot by Mike Weber.
15:04 of 1st period - Stopped by Sergei Bobrovsky with a rebound.
16:36 of 1st period - Mike Weber is hit by Alex Berry and loses puck.
17:07 of 1st period - Off-side.
17:08 of 1st period - Éric Perrin wins face-off versus Marc-André Cliche in neutral zone.
17:36 of 1st period - Kris Chucko is hit by Alex Berry and loses puck.
17:43 of 1st period - Slapshot by Keaton Ellerby.
17:43 of 1st period - Shot Misses the Net.
17:45 of 1st period - Slapshot by Justin Falk.
17:45 of 1st period - Shot Blocked by Alex Berry.
17:47 of 1st period - Snap shot by Petteri Nokelainen.
17:47 of 1st period - Shot Blocked by Andrew Kozek.
17:58 of 1st period - Icing by Frazer Mclaren.
17:59 of 1st period - Luke Adam wins face-off versus Tyler Brenner in Punishers zone.
17:59 of 1st period - Luke Adam is hit by Alexander Sulzer.
18:34 of 1st period - Wrist shot by Tanner Glass.
18:34 of 1st period - Stopped by Sergei Bobrovsky with a rebound.
19:14 of 1st period - Snap shot by John McCarthy.
19:14 of 1st period - Deflect By Brett Connolly.
19:14 of 1st period - Stopped by Anton Khudobin with a rebound.
19:24 of 1st period - Frazer Mclaren is hit by Brad Winchester and loses puck.
Goals for this period are 2 for Atomiques vs 0 for Punishers.
Shots for this period are 11 for Atomiques vs 13 for Punishers.
2nd period
0:01 of 2nd period - Éric Perrin wins face-off versus Tyler Brenner in neutral zone.
0:16 of 2nd period - Slapshot by Éric Perrin.
0:16 of 2nd period - Stopped by Sergei Bobrovsky without a rebound.
0:17 of 2nd period - Petteri Nokelainen wins face-off versus Nick Johnson in Atomiques zone.
0:44 of 2nd period - Keaton Ellerby is hit by Brett Sutter and loses puck.
1:28 of 2nd period - Off-side.
1:29 of 2nd period - John McCarthy wins face-off versus Brandon McMillan in neutral zone.
2:13 of 2nd period - Snap shot by Kris Chucko.
2:13 of 2nd period - Stopped by Sergei Bobrovsky with a rebound.
2:15 of 2nd period - Slapshot by Justin Falk.
2:15 of 2nd period - Stopped by Sergei Bobrovsky without a rebound.
2:16 of 2nd period - Kenndal McArdle wins face-off versus Petteri Nokelainen in Atomiques zone.
2:23 of 2nd period - Slapshot by Marc-André Cliche.
2:23 of 2nd period - Deflect By Mike Weber.
2:23 of 2nd period - Stopped by Anton Khudobin without a rebound.
2:24 of 2nd period - Éric Perrin wins face-off versus Tyler Brenner in Punishers zone.
2:39 of 2nd period - Slapshot by Brad Winchester.
2:39 of 2nd period - Deflect By Adam McQuaid.
2:39 of 2nd period - Stopped by Anton Khudobin without a rebound.
2:40 of 2nd period - Petteri Nokelainen wins face-off versus Marc-André Cliche in Punishers zone.
2:42 of 2nd period - Minor Penalty to Keaton Ellerby for Hooking.
2:43 of 2nd period - Tyler Brenner wins face-off versus Tanner Glass in Punishers zone.
3:09 of 2nd period - Justin Falk is hit by Marc-André Cliche and loses puck.
3:18 of 2nd period - Slapshot by Kenndal McArdle.
3:18 of 2nd period - Stopped by Anton Khudobin with a rebound.
3:29 of 2nd period - Icing by Tyler Kennedy.
3:30 of 2nd period - Tim Jackman wins face-off versus Tyler Brenner in Atomiques zone.
4:09 of 2nd period - Éric Perrin is hit by Brad Winchester and loses puck.
4:42 of 2nd period - Penalty to Keaton Ellerby is over, Keaton Ellerby is back on ice.
4:52 of 2nd period - Wrist shot by Keaton Ellerby.
4:52 of 2nd period - Shot Blocked by Kyle Wharton.
4:54 of 2nd period - Wrist shot by Alex Petrovic.
4:54 of 2nd period - Shot Misses the Net.
5:00 of 2nd period - Slapshot by Luke Adam.
5:00 of 2nd period - Stopped by Sergei Bobrovsky without a rebound.
5:01 of 2nd period - Anthony Nigro wins face-off versus Luke Adam in Atomiques zone.
5:01 of 2nd period - Anthony Nigro is hit by Adam Pineault.
5:14 of 2nd period - Wrist shot by Adam Pineault.
5:14 of 2nd period - Goal by Adam Pineault - Atomiques : 2 - Punishers : 1.
5:15 of 2nd period - Éric Perrin wins face-off versus Tyler Brenner in neutral zone.
5:30 of 2nd period - Keaton Ellerby is hit by Alexander Sulzer and loses puck.
6:00 of 2nd period - Minor Penalty to Kenndal McArdle for Hooking.
6:01 of 2nd period - Éric Perrin wins face-off versus Brad Winchester in Atomiques zone.
6:19 of 2nd period - Clayton Stoner is hit by Tanner Glass and loses puck.
7:43 of 2nd period - Brett Sutter is hit by Kris Chucko and loses puck.
8:00 of 2nd period - Penalty to Kenndal McArdle is over, Kenndal McArdle is back on ice.
8:29 of 2nd period - Wrist shot by Kris Chucko.
8:29 of 2nd period - Stopped by Sergei Bobrovsky without a rebound.
8:30 of 2nd period - Alex Berry wins face-off versus Luke Adam in Atomiques zone.
8:52 of 2nd period - Minor Penalty to Frazer Mclaren for Holding.
8:53 of 2nd period - Tanner Glass wins face-off versus Tyler Brenner in Punishers zone.
9:02 of 2nd period - Snap shot by Brad Winchester.
9:02 of 2nd period - Shot Misses the Net.
9:04 of 2nd period - Slapshot by Alexander Sulzer.
9:04 of 2nd period - Shot Misses the Net.
9:06 of 2nd period - Snap shot by Brad Winchester.
9:06 of 2nd period - Deflect By Tyler Kennedy.
9:06 of 2nd period - Shot Blocked by Keaton Ellerby.
9:06 of 2nd period - Puck is out of play.
9:07 of 2nd period - Tyler Brenner wins face-off versus Éric Perrin in Punishers zone.
9:10 of 2nd period - Wrist shot by Brad Winchester.
9:10 of 2nd period - Stopped by Anton Khudobin without a rebound.
9:11 of 2nd period - Tanner Glass wins face-off versus Tyler Brenner in Punishers zone.
9:11 of 2nd period - Tanner Glass is hit by Tyler Kennedy.
10:36 of 2nd period - Mike Weber is hit by Kenndal McArdle and loses puck.
10:52 of 2nd period - Penalty to Frazer Mclaren is over, Frazer Mclaren is back on ice.
11:08 of 2nd period - Andrew Kozek is hit by Luke Adam and loses puck.
11:17 of 2nd period - Wrist shot by Adam Pineault.
11:17 of 2nd period - Deflect By Frazer Mclaren.
11:17 of 2nd period - Stopped by Sergei Bobrovsky with a rebound.
11:29 of 2nd period - Snap shot by Kris Chucko.
11:29 of 2nd period - Shot Blocked by John McCarthy.
11:31 of 2nd period - Wrist shot by Erik Condra.
11:31 of 2nd period - Deflect By Kris Chucko.
11:31 of 2nd period - Goal by Kris Chucko - Atomiques : 2 - Punishers : 2.
11:32 of 2nd period - Marc-André Cliche wins face-off versus Éric Perrin in neutral zone.
11:53 of 2nd period - Minor Penalty to Éric Perrin for Roughing.
11:54 of 2nd period - Tanner Glass wins face-off versus Tyler Brenner in Punishers zone.
12:19 of 2nd period - Keaton Ellerby is hit by Shawn Belle and loses puck.
13:10 of 2nd period - Justin Falk is hit by Shawn Belle and loses puck.
13:42 of 2nd period - Davis Drewiske is hit by Mike Weber and loses puck.
13:53 of 2nd period - Penalty to Éric Perrin is over, Éric Perrin is back on ice.
14:01 of 2nd period - Snap shot by Éric Perrin.
14:01 of 2nd period - Shot Blocked by Alexander Sulzer.
14:05 of 2nd period - Snap shot by Éric Perrin.
14:05 of 2nd period - Shot Misses the Net.
14:07 of 2nd period - Wrist shot by Mike Blunden.
14:07 of 2nd period - Stopped by Sergei Bobrovsky with a rebound.
14:13 of 2nd period - Wrist shot by Éric Perrin.
14:13 of 2nd period - Shot Misses the Net.
14:15 of 2nd period - Wrist shot by Justin Falk.
14:15 of 2nd period - Stopped by Sergei Bobrovsky with a rebound.
14:17 of 2nd period - Wrist shot by Mike Blunden.
14:17 of 2nd period - Stopped by Sergei Bobrovsky without a rebound.
14:18 of 2nd period - Luke Adam wins face-off versus Anthony Nigro in Atomiques zone.
14:19 of 2nd period - Slapshot by Adam Pineault.
14:19 of 2nd period - Deflect By Luke Adam.
14:19 of 2nd period - Shot Misses the Net.
14:19 of 2nd period - Puck is out of play.
14:20 of 2nd period - Anthony Nigro wins face-off versus Luke Adam in Atomiques zone.
15:25 of 2nd period - Icing by Kris Chucko.
15:26 of 2nd period - Éric Perrin wins face-off versus Marc-André Cliche in Punishers zone.
15:31 of 2nd period - Snap shot by Éric Perrin.
15:31 of 2nd period - Stopped by Sergei Bobrovsky with a rebound.
15:33 of 2nd period - Slapshot by Tim Jackman.
15:33 of 2nd period - Shot Blocked by Alexander Sulzer.
15:37 of 2nd period - Wrist shot by Éric Perrin.
15:37 of 2nd period - Stopped by Sergei Bobrovsky without a rebound.
15:38 of 2nd period - Éric Perrin wins face-off versus Tyler Brenner in Atomiques zone.
15:43 of 2nd period - Slapshot by Tanner Glass.
15:43 of 2nd period - Shot Blocked by Alexander Sulzer.
16:22 of 2nd period - Off-side.
16:23 of 2nd period - Adam Pineault wins face-off versus Brett Sutter in neutral zone.
17:11 of 2nd period - Mike Blunden is hit by Marc-André Cliche and loses puck.
17:42 of 2nd period - Snap shot by Kris Chucko.
17:42 of 2nd period - Stopped by Sergei Bobrovsky with a rebound.
18:20 of 2nd period - Snap shot by Tyler Kennedy.
18:20 of 2nd period - Goal by Tyler Kennedy - Atomiques : 3 - Punishers : 2.
18:21 of 2nd period - Éric Perrin wins face-off versus Tyler Brenner in neutral zone.
18:37 of 2nd period - Minor Penalty to Brad Winchester for Hooking.
18:38 of 2nd period - Éric Perrin wins face-off versus John McCarthy in Atomiques zone.
18:48 of 2nd period - Alexander Sulzer is hit by Keaton Ellerby and loses puck.
19:03 of 2nd period - Brett Sutter is hit by Erik Condra and loses puck.
Goals for this period are 1 for Atomiques vs 2 for Punishers.
Shots for this period are 5 for Atomiques vs 14 for Punishers.
3rd period
0:01 of 3rd period - Éric Perrin wins face-off versus John McCarthy in neutral zone.
0:08 of 3rd period - Wrist shot by Éric Perrin.
0:08 of 3rd period - Stopped by Sergei Bobrovsky with a rebound.
0:10 of 3rd period - Slapshot by Keaton Ellerby.
0:10 of 3rd period - Shot Misses the Net.
0:16 of 3rd period - Snap shot by Tanner Glass.
0:16 of 3rd period - Shot Misses the Net.
0:26 of 3rd period - Erik Condra is hit by Tyler Kennedy.
0:37 of 3rd period - Penalty to Brad Winchester is over, Brad Winchester is back on ice.
0:48 of 3rd period - Snap shot by Kenndal McArdle.
0:48 of 3rd period - Shot Misses the Net.
0:50 of 3rd period - Snap shot by Marc-André Cliche.
0:50 of 3rd period - Shot Misses the Net.
0:52 of 3rd period - Backhand shot by Marc-André Cliche.
0:52 of 3rd period - Stopped by Anton Khudobin without a rebound.
0:53 of 3rd period - Marc-André Cliche wins face-off versus Éric Perrin in Punishers zone.
0:56 of 3rd period - Wrist shot by Kenndal McArdle.
0:56 of 3rd period - Stopped by Anton Khudobin with a rebound.
0:58 of 3rd period - Wrist shot by Davis Drewiske.
0:58 of 3rd period - Deflect By Marc-André Cliche.
0:58 of 3rd period - Deflect By Éric Perrin.
0:58 of 3rd period - Shot Misses the Net.
0:58 of 3rd period - Puck is out of play.
0:59 of 3rd period - Éric Perrin wins face-off versus Tyler Brenner in Punishers zone.
1:12 of 3rd period - Wrist shot by Tim Jackman.
1:12 of 3rd period - Stopped by Sergei Bobrovsky without a rebound.
1:13 of 3rd period - Petteri Nokelainen wins face-off versus Tyler Brenner in Atomiques zone.
1:28 of 3rd period - Backhand shot by Tyler Kennedy.
1:28 of 3rd period - Stopped by Anton Khudobin with a rebound.
1:57 of 3rd period - Wrist shot by Kris Chucko.
1:57 of 3rd period - Stopped by Sergei Bobrovsky with a rebound.
2:39 of 3rd period - Snap shot by Kris Chucko.
2:39 of 3rd period - Stopped by Sergei Bobrovsky with a rebound.
2:47 of 3rd period - Slapshot by Brett Sutter.
2:47 of 3rd period - Shot Blocked by Mike Weber.
2:49 of 3rd period - Wrist shot by Andrew Kozek.
2:49 of 3rd period - Shot Misses the Net.
2:51 of 3rd period - Slapshot by Andrew Kozek.
2:51 of 3rd period - Stopped by Anton Khudobin without a rebound.
2:52 of 3rd period - Éric Perrin wins face-off versus Tyler Brenner in Punishers zone.
2:52 of 3rd period - Éric Perrin is hit by Davis Drewiske.
3:03 of 3rd period - Slapshot by Keaton Ellerby.
3:03 of 3rd period - Deflect By Tyler Brenner.
3:03 of 3rd period - Stopped by Sergei Bobrovsky without a rebound.
3:04 of 3rd period - Tyler Brenner wins face-off versus Éric Perrin in Atomiques zone.
3:29 of 3rd period - Kenndal McArdle is hit by Frazer Mclaren and loses puck.
3:58 of 3rd period - Anthony Nigro is hit by Alex Petrovic and loses puck.
4:19 of 3rd period - Éric Perrin is hit by Scott Jackson and loses puck.
4:40 of 3rd period - Snap shot by Kenndal McArdle.
4:40 of 3rd period - Stopped by Anton Khudobin with a rebound.
5:07 of 3rd period - Alex Berry is hit by Mike Weber and loses puck.
6:08 of 3rd period - Frazer Mclaren is hit by Tyler Brenner and loses puck.
6:49 of 3rd period - Keaton Ellerby is hit by Shawn Belle.
6:57 of 3rd period - Slapshot by Tim Jackman.
6:57 of 3rd period - Goal by Tim Jackman - Atomiques : 3 - Punishers : 3.
6:58 of 3rd period - Tyler Kennedy wins face-off versus Petteri Nokelainen in neutral zone.
7:01 of 3rd period - Justin Falk is hit by Tyler Brenner and loses puck.
7:52 of 3rd period - Slapshot by Brett Sutter.
7:52 of 3rd period - Shot Misses the Net.
8:14 of 3rd period - Snap shot by Mike Blunden.
8:14 of 3rd period - Shot Blocked by Clayton Stoner.
8:16 of 3rd period - Wrist shot by Mike Blunden.
8:16 of 3rd period - Shot Blocked by John McCarthy.
8:32 of 3rd period - Snap shot by Erik Condra.
8:32 of 3rd period - Deflect By Kris Chucko.
8:32 of 3rd period - Shot Misses the Net.
8:32 of 3rd period - Puck is out of play.
8:33 of 3rd period - Éric Perrin wins face-off versus Brad Winchester in Atomiques zone.
8:38 of 3rd period - Snap shot by Tanner Glass.
8:38 of 3rd period - Stopped by Sergei Bobrovsky with a rebound.
8:58 of 3rd period - Shawn Belle is hit by Erik Condra and loses puck.
9:03 of 3rd period - Slapshot by Kris Chucko.
9:03 of 3rd period - Stopped by Sergei Bobrovsky with a rebound.
9:27 of 3rd period - Shawn Belle is hit by Adam Pineault and loses puck.
10:06 of 3rd period - Slapshot by John McCarthy.
10:06 of 3rd period - Shot Blocked by Radek Smolenak.
10:08 of 3rd period - Snap shot by Anthony Nigro.
10:08 of 3rd period - Stopped by Anton Khudobin without a rebound.
10:09 of 3rd period - Tyler Brenner wins face-off versus Éric Perrin in Punishers zone.
10:20 of 3rd period - Slapshot by Justin Falk.
10:20 of 3rd period - Stopped by Sergei Bobrovsky without a rebound.
10:21 of 3rd period - Éric Perrin wins face-off versus Tyler Brenner in Atomiques zone.
11:33 of 3rd period - Snap shot by Tim Jackman.
11:33 of 3rd period - Shot Blocked by Andrew Kozek.
11:49 of 3rd period - Slapshot by Mike Weber.
11:49 of 3rd period - Shot Misses the Net.
12:11 of 3rd period - Brett Sutter is hit by Adam McQuaid and loses puck.
12:22 of 3rd period - Slapshot by Alexander Sulzer.
12:22 of 3rd period - Shot Blocked by Mike Weber.
12:24 of 3rd period - Slapshot by Shawn Belle.
12:24 of 3rd period - Deflect By Mike Weber.
12:24 of 3rd period - Stopped by Anton Khudobin with a rebound.
12:26 of 3rd period - Snap shot by Andrew Kozek.
12:26 of 3rd period - Shot Misses the Net.
12:28 of 3rd period - Slapshot by Alexander Sulzer.
12:28 of 3rd period - Shot Blocked by Brandon McMillan.
12:30 of 3rd period - Wrist shot by Andrew Kozek.
12:30 of 3rd period - Shot Misses the Net.
12:32 of 3rd period - Wrist shot by Brett Sutter.
12:32 of 3rd period - Shot Blocked by Brandon McMillan.
12:34 of 3rd period - Wrist shot by Shawn Belle.
12:34 of 3rd period - Shot Blocked by Adam McQuaid.
12:36 of 3rd period - Slapshot by Shawn Belle.
12:36 of 3rd period - Stopped by Anton Khudobin without a rebound.
12:37 of 3rd period - Éric Perrin wins face-off versus Tyler Brenner in Punishers zone.
12:37 of 3rd period - Éric Perrin is hit by Scott Jackson.
12:49 of 3rd period - Snap shot by Tanner Glass.
12:49 of 3rd period - Shot Blocked by Scott Jackson.
13:03 of 3rd period - Kris Chucko is hit by Nick Johnson.
13:07 of 3rd period - Snap shot by Kenndal McArdle.
13:07 of 3rd period - Stopped by Anton Khudobin with a rebound.
13:09 of 3rd period - Snap shot by Kenndal McArdle.
13:09 of 3rd period - Shot Misses the Net.
13:11 of 3rd period - Slapshot by Kyle Wharton.
13:11 of 3rd period - Stopped by Anton Khudobin with a rebound.
13:27 of 3rd period - Slapshot by Luke Adam.
13:27 of 3rd period - Shot Misses the Net.
13:33 of 3rd period - Wrist shot by Luke Adam.
13:33 of 3rd period - Shot Blocked by Alexander Sulzer.
13:35 of 3rd period - Backhand shot by Luke Adam.
13:35 of 3rd period - Shot Misses the Net.
13:42 of 3rd period - Icing by Alexander Sulzer.
13:43 of 3rd period - Éric Perrin wins face-off versus Tyler Brenner in Atomiques zone.
13:53 of 3rd period - Slapshot by Tyler Kennedy.
13:53 of 3rd period - Stopped by Anton Khudobin with a rebound.
13:55 of 3rd period - Slapshot by Shawn Belle.
13:55 of 3rd period - Goal by Shawn Belle - Atomiques : 4 - Punishers : 3.
13:56 of 3rd period - Tyler Brenner wins face-off versus Éric Perrin in neutral zone.
13:59 of 3rd period - Snap shot by Shawn Belle.
13:59 of 3rd period - Deflect By Tyler Kennedy.
13:59 of 3rd period - Shot Blocked by Tim Jackman.
13:59 of 3rd period - Puck is out of play.
14:00 of 3rd period - Éric Perrin wins face-off versus Tyler Brenner in Punishers zone.
14:00 of 3rd period - Éric Perrin is hit by Alexander Sulzer.
14:08 of 3rd period - Tyler Kennedy is hit by Tim Jackman and loses puck.
14:15 of 3rd period - Snap shot by Tyler Brenner.
14:15 of 3rd period - Stopped by Anton Khudobin with a rebound.
14:53 of 3rd period - Snap shot by Kris Chucko.
14:53 of 3rd period - Shot Misses the Net.
15:07 of 3rd period - Kenndal McArdle is hit by Brandon McMillan and loses puck.
15:16 of 3rd period - Wrist shot by Kenndal McArdle.
15:16 of 3rd period - Shot Blocked by Adam McQuaid.
15:47 of 3rd period - Nick Johnson is hit by Adam Pineault and loses puck.
16:22 of 3rd period - Icing by Tanner Glass.
16:23 of 3rd period - Brett Sutter wins face-off versus Éric Perrin in Punishers zone.
17:15 of 3rd period - Minor Penalty to John McCarthy for Tripping.
17:16 of 3rd period - Brad Winchester wins face-off versus Éric Perrin in Atomiques zone.
18:20 of 3rd period - Snap shot by Kris Chucko.
18:20 of 3rd period - Shot Misses the Net.
18:34 of 3rd period - Snap shot by Kris Chucko.
18:34 of 3rd period - Shot Blocked by Davis Drewiske.
18:36 of 3rd period - Slapshot by Keaton Ellerby.
18:36 of 3rd period - Stopped by Sergei Bobrovsky without a rebound.
18:37 of 3rd period - Éric Perrin wins face-off versus Tyler Brenner in Atomiques zone.
18:38 of 3rd period - Wrist shot by Tim Jackman.
18:38 of 3rd period - Shot Misses the Net.
18:44 of 3rd period - Wrist shot by Tanner Glass.
18:44 of 3rd period - Goal by Tanner Glass - Atomiques : 4 - Punishers : 4.
18:45 of 3rd period - Kenndal McArdle wins face-off versus Luke Adam in neutral zone.
18:48 of 3rd period - Wrist shot by Marc-André Cliche.
18:48 of 3rd period - Stopped by Anton Khudobin without a rebound.
18:49 of 3rd period - Luke Adam wins face-off versus Nick Johnson in Punishers zone.
18:49 of 3rd period - Luke Adam is hit by Shawn Belle.
18:55 of 3rd period - Nick Johnson is hit by Frazer Mclaren and loses puck.
19:10 of 3rd period - Minor Penalty to Luke Adam for Hooking.
19:11 of 3rd period - Tanner Glass wins face-off versus Tyler Brenner in Punishers zone.
19:48 of 3rd period - Slapshot by Alexander Sulzer.
19:48 of 3rd period - Shot Blocked by Mike Weber.
Goals for this period are 1 for Atomiques vs 2 for Punishers.
Shots for this period are 14 for Atomiques vs 11 for Punishers.
Overtime #1
0:01 of 1st overtime period - Brad Winchester wins face-off versus Tanner Glass in neutral zone.
1:10 of 1st overtime period - Penalty to Luke Adam is over, Luke Adam is back on ice.
1:16 of 1st overtime period - Snap shot by Tyler Brenner.
1:16 of 1st overtime period - Goal by Tyler Brenner - Atomiques : 5 - Punishers : 4.
Goals for this period are 1 for Atomiques vs 0 for Punishers.
Shots for this period are 1 for Atomiques vs 0 for Punishers.
Back to the Top